 Dungeon Crawl Stone Soup version 0.28-a0-1387-g3a22ab9bdc (webtiles) character file.

Game seed: 2449173473135442744

100 ders the Digger (level 4, 0/24 HPs)
             Began as a Gargoyle Earth Elementalist on Jan 2, 2022.
             Slain by an orc (6 damage)
             ... on level 2 of the Dungeon.
             The game lasted 00:02:38 (3447 turns).

ders the Digger (Gargoyle Earth Elementalist)       Turns: 3447, Time: 00:02:38

Health: 0/24       AC:  5    Str: 11    XL:     4   Next: 73%
Magic:  0/8        EV: 11    Int: 18    God:
Gold:   79         SH:  0    Dex: 10    Spells: 5/9 levels left

rFire   . . .      SeeInvis .   j - +0 dagger (freeze)
rCold   . . .      Faith    .   (no shield)
rNeg    + . .      Spirit   .   b - +0 robe
rPois   ∞          Reflect  .   (no helmet)
rElec   +          Harm     .   (no cloak)
rCorr   .          Rampage  .   (no gloves)
Will    .....                   (no boots)
Stlth   ++........              (no amulet)
HPRegen 0.08/turn               (no ring)
MPRegen 0.11/turn               (no ring)

@: no status effects
A: sickness immunity, AC +3, negative energy resistance 1, electricity
resistance, torment resistance 1, petrification resistance
a: no special abilities


You were on level 2 of the Dungeon.
You visited 1 branch of the dungeon, and saw 2 of its levels.

You collected 79 gold pieces.

Inventory:

Hand Weapons
 j - a +0 dagger of freezing (weapon)
Missiles
 g - 52 stones
Armour
 b - a +0 robe (worn)
Scrolls
 c - 2 scrolls of identify {unknown}
 d - a scroll of holy word {unknown}
 e - 2 scrolls of noise {unknown}
 i - a scroll of acquirement {unknown}
Potions
 a - a potion of resistance {unknown}
 f - 2 potions of curing {unknown}
 h - a potion of might {unknown}


   Skills:
 - Level 1.5 Dodging
 - Level 2.1 Stealth
 + Level 3.0 Spellcasting
 + Level 2.4 Conjurations
 - Level 0.7 Transmutations
 + Level 4.7 Earth Magic


You had 5 spell levels left.
You knew the following spells:

 Your Spells              Type           Power      Damage    Failure   Level
a - Sandblast             Erth           38%        2d10      2%          1
b - Stone Arrow           Conj/Erth      30%        3d8       11%         3

Your spell library contained the following spells:

 Spells                   Type           Power      Damage    Failure   Level
 Passwall                 Tmut/Erth      10%        N/A       9%          2
 Summon Small Mammal      Summ           8%         N/A       16%         1
 Call Canine Familiar     Summ           2%         N/A       43%         3
 Summon Guardian Golem    Hex/Summ       2%         N/A       43%         3
 Petrify                  Tmut/Erth      12%        N/A       47%         4


Dungeon Overview and Level Annotations

Branches:
Dungeon (2/15)

Altars:


Innate Abilities, Weirdness & Mutations

You are immune to sickness and miasma.
Your stone body is resilient. (AC +3)
You are immune to poison.
You resist negative energy. (rN+)
You are resistant to electric shocks. (rElec)
You are resistant to unholy torment.
You are immune to petrification.


Message History

The orc wizard is moderately wounded.
The orc wizard barely misses you. The orc hits you but does no damage.
The orc hits you with a +0 short sword.
You hit the orc wizard. You freeze the orc wizard.
The orc wizard is severely wounded.
The orc wizard hits you but does no damage.
The orc misses you. The orc hits you with a +0 short sword.
The orc wizard hits you with a +0 dagger.
The orc hits you with a +0 whip.
* * * LOW HITPOINT WARNING * * *
The orc wizard casts a spell at you. You resist with some effort.
There is a broken door here.
Casting: Sandblast (safe; 2% risk of failure)
Confirm with . or Enter, or press ? or * to list all spells.
Aiming: Sandblast (safe; 2% risk of failure)
Press: ? - help, Shift-Dir - straight line, f/p - orc wizard
Aim: an orc wizard, wielding a +0 dagger and wearing a +0 robe (heavily wounded, 74% to hit)
The blast of sand hits the orc wizard but does no damage.
The orc wizard is heavily wounded.
Unknown command.
Casting: Sandblast (safe; 2% risk of failure)
Confirm with . or Enter, or press ? or * to list all spells.
Aiming: Sandblast (safe; 2% risk of failure)
Press: ? - help, Shift-Dir - straight line, f/p - orc wizard
Aim: an orc wizard, wielding a +0 dagger and wearing a +0 robe (heavily wounded, 74% to hit)
The blast of sand hits the orc wizard!
You kill the orc wizard!
Your Spellcasting skill increases to level 3!
Unknown command.
You hit the orc. You freeze the orc.
The orc is moderately wounded.
The orc misses you.
You closely miss the orc.
The orc is moderately wounded.
The orc barely misses you.
You closely miss the orc.
The orc is moderately wounded.
The orc hits you with a +0 whip.
You die...

...[### #.#.##.....#####.###.#
....# #.#.####.........# #.#
#.#.# #.#............#.###.#
#.#.# ##.############.#.....#
#..### #................##.#.#
#..#... ##.##.#########..##.#.#
#..#.... #####.#..........##.#.#
##.#....)#.8.###.########.##.#.#
##.#[....'..o.o.@# #.#..#.#
...#.....#.8.##o.#### #.#.##.#
##>#.... ######.....# #.#.##.#
#..#... #....##.# #.#.##.#
.<.##' ##.#.##.# #.#.##.# #..#.
#.#....#####.#.##.# ##.#
#.####........)##.# ##.#
#######............####.# ##.#
#..†....####.####### #.#


You could see 3 orcs.

Vanquished Creatures
  An orc wizard (D:2)
  2 adders (D:2)
  A worm (D:2)
  An orc (D:2)
  3 ball pythons
  2 endoplasms
  4 giant cockroaches
  3 goblins
  5 hobgoblins
  11 jackals
  2 quokkas
  3 bats
  A frilled lizard (D:1)
  6 kobolds
  3 rats
48 creatures vanquished.

Notes
Turn   | Place    | Note
-------+----------+-------------------------------------------
     0 | D:1      | ders the Gargoyle Earth Elementalist began the quest for
                  | the Orb.
     0 | D:1      | Reached XP level 1. HP: 10/10 MP: 3/3
   204 | D:1      | Reached XP level 2. HP: 4/15 MP: 0/5
   221 | D:1      | Reached skill level 1 in Conjurations
   729 | D:1      | Reached skill level 4 in Earth Magic
  1068 | D:1      | Found a faded altar of an unknown god.
  1731 | D:1      | Reached XP level 3. HP: 18/19 MP: 6/6
  1735 | D:1      | Learned a level 3 spell: Stone Arrow
  2514 | D:2      | Reached XP level 4. HP: 24/24 MP: 4/8
  3423 | D:2      | Found the +1 Delatra's gloves {ID++}
  3447 | D:2      | Slain by an orc

Illustrated notes

Levels and vault maps discovered:
D:1:      saegor_arrival_simple_c, layout_loops_cross,
          hellmonk_ecumenical_altar_lost_god, chequers_serial_rivers_small_3
D:2:      layout_loops_ring, st_stairs_2, pf_guarded_unrand_delatra

Skill      XL: |  1  2  3  4 |
---------------+-------------+-----
Conjurations   | 1 2 |  2.4
Earth Magic    | 4 |  4.7
Spellcasting   | 3 |  3.0
Dodging        | |  1.5
Stealth        | |  2.1
Transmutations | |  0.7

Action                   |  1- 3 |  4- 6 || total
-------------------------+-------+-------++-------
Melee: Unarmed           |    33 |       ||    33
       Dagger            |    52 |    30 ||    82
 Cast: Sandblast         |    30 |     7 ||    37
       Stone Arrow       |    11 |    11 ||    22
Armor: Robe              |    41 |    15 ||    56
Dodge: Dodged            |    80 |    23 ||   103

Table legend: (Time is in decaauts)
 A = Elapsed time spent in this place.
 B = Non-inter-level travel time spent in this place.
 C = Inter-level travel time spent in this place.
 D = Time resting spent in this place.
 E = Time spent auto-exploring this place.
 F = Levels seen in this place.
 G = Mean time per level.
                   A        B        C        D        E       F      G
               +--------+--------+--------+--------+--------+-----+--------+
         Total |   3450 |   3375 |     75 |   1165 |   1813 |   2 | 1725.0 |
       Dungeon |   3450 |   3375 |     75 |   1165 |   1813 |   2 | 1725.0 |
               +--------+--------+--------+--------+--------+-----+--------+

Top non-repeatable levels by time:
     D:1: 1746 daAuts
     D:2: 1703 daAuts
